 Dungeon Crawl Stone Soup version 0.29.1-14-g9c671dbff4 (webtiles) character file.

Game seed: 8761030960714970722

67 protoss039 the Digger (level 4, 33/33 HPs)
             Began as a Demonspawn Earth Elementalist on Feb 16, 2023.
             Was a Follower of Vehumet.
             Got out of the dungeon alive.
             The game lasted 00:03:30 (2326 turns).

protoss039 the Digger (DsEE)                        Turns: 2326, Time: 00:03:31

Health: 33/33      AC:  6    Str:  9    XL:     4   Next: 0%
Magic:  8/8        EV: 12    Int: 18    God:    Vehumet [*.....]
Gold:   76         SH:  0    Dex: 15    Spells: 5/8 levels left

rFire   . . .      SeeInvis .   k - +2 dagger (venom)
rCold   . . .      Faith    .   (no shield)
rNeg    . . .      Spirit   .   a - +0 robe
rPois   .          Reflect  .   (helmet restricted)
rElec   .          Harm     .   (no cloak)
rCorr   .          Rampage  .   (no gloves)
Will    .....                   (no boots)
Stlth   +++.......              (no amulet)
HPRegen 0.11/turn               l - +4 ring of protection
MPRegen 0.11/turn               (no ring)

@: no status effects
A: horns 1, thin skeletal structure 1, ignite blood 1
a: Renounce Religion


You escaped.
You worshipped Vehumet.
Vehumet was aware of your devotion.
You visited 1 branch of the dungeon, and saw 3 of its levels.

You collected 106 gold pieces.
You spent 30 gold pieces at shops.

Inventory:

Hand Weapons
 k - a +2 dagger of venom (weapon)
 m - a +0 long sword of flaming
Missiles
 h - a throwing net
Armour
 a - a +0 robe (worn)
Jewellery
 l - a +4 ring of protection (left hand)
Scrolls
 c - a scroll of magic mapping
 d - a scroll of enchant armour
 e - a scroll of identify
 f - a scroll of blinking
Potions
 b - a potion of magic
 g - a potion of invisibility
 i - 2 potions of heal wounds
 j - 3 potions of curing
 n - a potion of might {unknown}


   Skills:
 + Level 1.9 Fighting
 - Level 1.7 Dodging
 - Level 1.7 Stealth
 + Level 2.8 Spellcasting
 - Level 0.8 Transmutations
 + Level 3.3 Earth Magic


You had 5 spell levels left.
You knew the following spells:

 Your Spells              Type           Power      Damage    Failure   Level
a - Sandblast             Erth           28%        2d8       4%          1
b - Passwall              Tmut/Erth      8%         N/A       11%         2

Your spell library contained the following spells:

 Spells                   Type           Power      Damage    Failure   Level
 Foxfire                  Conj/Fire      8%         2x1d4     17%         1
 Stone Arrow              Conj/Erth      16%        3d8       26%         3
 Petrify                  Tmut/Erth      10%        N/A       56%         4


Dungeon Overview and Level Annotations

Branches:
Dungeon (3/15) Zot: 15646

Altars:
Vehumet

Shops:
D:2 !


Innate Abilities, Weirdness & Mutations

You have a pair of small horns on your head.
You have a somewhat thin skeletal structure. (Dex +2, Stealth+)
Your demonic aura sometimes causes spilled blood to erupt in flames.


Message History

The hobgoblin hits you.
You hit the hobgoblin.
You kill the hobgoblin!
Vehumet accepts your kill.
You have reached level 4!
You feel stronger.
Your demonic ancestry asserts itself...
A pair of horns grows on your head!
No target in view!
You now have 76 gold pieces (gained 6).
n - a glowing blue potion Unknown command.
You aren't carrying any items that you can evoke.
Unknown command.
Okay, then.
Okay, then.
Okay, then.
Okay, then.
Okay, then.
As you read the scroll of identify, it crumbles to dust.
d - a scroll of enchant armour
Okay, then.
Okay, then.
Unknown command.
There is a stone staircase leading up here.
You climb upwards.
There is a stone staircase leading down here.
(D) Dungeon
Where to? (Enter - D:3 @ (x,y), ? - help)
What level of the Dungeon? (default 1, ? - help)
There is a stone staircase leading up here.
You climb upwards.
There is a stone staircase leading down here.
You see here a +0 falchion.
You see here a +0 scale mail.
There is an open door here.
You enter the shallow water.
Moving in this stuff is going to be slow.
There is a staircase leading out of the dungeon here.
Are you sure you want to leave the Dungeon?
This will make you lose the game!
You have escaped!

##.##)# #.####
#.......... ##.##.# #.#
#.###...### ##.##.###.#
#.#G#...#G# ##.##.[...#
#.###...###
#.####..##########
#.......... #.#
##.'.~#~#~~≈#
#....._.... #[#
#####~#~##≈# #..........
#.##
###~#~#~~#####.###...###
#..##
#.~~#~#@≈'.....#G#...#G#
##..##
#.###~~~≈#.###.###...###
##..## #.#.#~##≈#.#
#..........
##(.###...#~~≈≈#.#
####..##..#
##...###'######.#
##..##.#
###..........#.# ##.##..
#######.#..#.# #.....
#.##.#.########)####
#.##.....#......# #


There were no monsters in sight!

Vanquished Creatures
  An adder (D:3)
  A worm (D:2)
  2 dart slugs (D:2)
  An orc (D:3)
  4 ball pythons
  3 bats (D:1)
  3 endoplasms
  A giant cockroach (D:2)
  6 goblins
  4 hobgoblins
  6 jackals (D:2)
  2 kobolds
  2 quokkas
  A frilled lizard (D:1)
  6 rats
43 creatures vanquished.

Notes
Turn   | Place    | Note
-------+----------+-------------------------------------------
     0 | D:1      | protoss039 the Demonspawn Earth Elementalist began the
                  | quest for the Orb.
     0 | D:1      | Reached XP level 1. HP: 13/13 MP: 3/3
   340 | D:1      | Found a faded altar of an unknown god.
   341 | D:1      | Noticed a great orb of eyes
   343 | D:1      | Noticed a golden eye
   343 | D:1      | Noticed an eye of devastation
   343 | D:1      | Noticed a great orb of eyes
   398 | D:1      | Gained mutation: Your demonic aura sometimes causes spilled
                  | blood to erupt in flames. [demonic ancestry]
   398 | D:1      | Reached XP level 2. HP: 20/20 MP: 3/5
   877 | D:1      | Reached skill level 1 in Fighting
   905 | D:1      | Learned a level 2 spell: Passwall
   909 | D:2      | Reached skill level 3 in Earth Magic
  1024 | D:2      | Found Louquon's Distillery.
  1032 | D:2      | Bought a potion of curing for 30 gold pieces
  1071 | D:2      | Found a radiant altar of Vehumet.
  1088 | D:2      | Became a worshipper of Vehumet
  1282 | D:2      | Gained mutation: You have a somewhat thin skeletal
                  | structure. (Dex +2, Stealth+) [demonic ancestry]
  1282 | D:2      | Reached XP level 3. HP: 26/26 MP: 6/6
  2056 | D:3      | Reached * piety under Vehumet
  2056 | D:3      | Offered knowledge of Foxfire by Vehumet.
  2192 | D:3      | Gained mutation: You have a pair of small horns on your
                  | head. [demonic ancestry]
  2192 | D:3      | Reached XP level 4. HP: 29/33 MP: 8/8
  2326 | D:$      | Got out of the dungeon alive.

Illustrated notes

Levels and vault maps discovered:
D:1:      ncdulo_wetmaze, layout_basic, hellmonk_ecumenical_altar_watching_god,
          grunt_decor_mini_mirrors
D:2:      layout_rooms, serial_shops, shop_statue, basic_altar, fountainhead
D:3:      minmay_inner_zag, layout_basic, lemuel_crystal_altar,
          gammafunk_ghost_arena, lightli_corner_chamber

Skill      XL: |  1  2 |
---------------+-------+-----
Fighting       | 1 |  1.9
Earth Magic    | 3 |  3.3
Dodging        | |  1.7
Stealth        | |  1.7
Spellcasting   | |  2.8
Transmutations | |  0.8

Action                   |  1- 3 |  4- 6 || total
-------------------------+-------+-------++-------
Melee: Club              |     5 |       ||     5
       Dagger            |    73 |       ||    73
       Punch             |     2 |       ||     2
 Cast: Sandblast         |    28 |       ||    28
  Use: Scroll            |     5 |     1 ||     6
 Stab: Sleeping          |     5 |       ||     5
Armor: Robe              |    38 |       ||    38
Dodge: Dodged            |    88 |       ||    88
